 Dungeon Crawl Stone Soup version 0.20.1-1-g8b1a95d (webtiles) character file.

21 Ladykiller69 the Charmwright (level 3, 0/27 HPs)
             Began as a Formicid Skald on Sept 24, 2017.
             Slain by a hobgoblin
             ... wielding a +0 club
             ... led by Robin
              (1 damage)
             ... on level 1 of the Dungeon.
             The game lasted 00:02:07 (926 turns).

Ladykiller69 the Charmwright (Formicid Skald)        Turns: 926, Time: 00:02:08

Health: 0/27       AC:  3    Str: 16    XL:     3   Next: 2%
Magic:  4/7        EV: 12    Int: 12    God:
Gold:   90         SH:  0    Dex: 10    Spells: 6/7 levels left

rFire    . . .     SeeInvis +   a - +0 spear
rCold    . . .     Gourm    .   (no shield)
rNeg     . . .     Faith    .   b - +0 leather armour
rPois    .         Spirit   .   (helmet unavailable)
rElec    .         Reflect  .   (no cloak)
rCorr    .         Harm     .   (no gloves)
MR       .....                  (no boots)
Stlth    +.........             (no amulet)
Regen    0.1/turn               (no ring)
MPRegen  0.1/turn               (no ring)

@: infused
A: permanent stasis, dig shafts and tunnels, four strong arms, antennae 3
a: Dig, Shaft Self


You were on level 1 of the Dungeon.
You were not hungry.

You visited 1 branch of the dungeon, and saw 2 of its levels.

You collected 90 gold pieces.

Inventory:

Hand Weapons
 a - a +0 spear (weapon)
Missiles
 m - 2 silver javelins (quivered)
 n - 22 stones
 o - 8 javelins
Armour
 b - a +0 leather armour (worn)
 i - a +0 shield
Jewellery
 g - an uncursed ring of protection from cold {unknown}
Scrolls
 h - 2 scrolls of amnesia {unknown}
 j - 4 scrolls of identify {unknown}
 k - a scroll of teleportation {unknown}
Potions
 e - a potion of might {unknown}
 l - a potion of flight {unknown}
Books
 c - a book of Battle

   Spells                             Type                      Level
   a - Infusion                       Charms                       1
   b - Shroud of Golubria             Charms/Translocation         2
   c - Song of Slaying                Charms                       2
   d - Spectral Weapon                Hexes/Charms                 3
   e - Regeneration                   Charms/Necromancy            3
Comestibles
 d - 2 bread rations
 f - 6 chunks of flesh


   Skills:
 - Level 2.1 Fighting
 - Level 2.0 Polearms
 - Level 1.1 Armour
 - Level 2.0 Dodging
 * Level 0.8 Shields
 + Level 2.7 Spellcasting
 + Level 3.3 Charms


You had 6 spell levels left.
You knew the following spells:

 Your Spells              Type           Power        Failure   Level  Hunger
a - Infusion              Chrm           #...         8%          1    #......


Dungeon Overview and Level Annotations

Branches:
Dungeon (2/15)

Altars:

Annotations:
D:2 Jessica, Robin


Innate Abilities, Weirdness & Mutations

You cannot be hasted, slowed, berserked, paralysed or teleported.
You can dig through walls and to a lower floor.
Your four strong arms can wield two-handed weapons with a shield.
You have a pair of large antennae on your head. (SInv)


Message History

Things that are here:
a club; a goblin corpse The hobgoblin hits you but does no damage.
You see here a ring mail.
Casting: Infusion
Confirm with . or Enter, or press ? or * to list all spells.
You begin infusing your attacks with magical energy.
The hobgoblin hits you with a club.
* * * LOW HITPOINT WARNING * * *
You hit the hobgoblin.
The hobgoblin is moderately wounded.
The hobgoblin barely misses you.
You barely miss the hobgoblin.
The hobgoblin is moderately wounded.
The hobgoblin hits you with a club.
* * * LOW HITPOINT WARNING * * *
You hit the hobgoblin.
The hobgoblin is almost dead.
The hobgoblin hits you with a club.
You die...

#.###.# #.# #.#
############.###.#
#................#
##.#########.######### #.#
#..........#### #.#
#########.......######
#.######....####.(.....##...##
#.#..........@ggg.....รท)......
#.#.####....###g.......##...##
#(#.# #....# #........##.....
#.#.# #....# #........##.)...
#.#.# #....# #........##.....
#.#.# #....###...#.#####.....
#.#.# #####....###.# #.....
#.#.# #....###.#####..... #.#.#
####..................


You could see a hobgoblin and 3 goblins.

Vanquished Creatures
  A leopard gecko (D:1)
  A ball python (D:1)
  2 giant cockroaches (D:1)
  3 hobgoblins
  2 kobolds (D:1)
  2 bats
  2 frilled lizards (D:1)
  4 goblins
17 creatures vanquished.

Notes
Turn   | Place    | Note
-------+----------+-------------------------------------------
     0 | D:1      | Ladykiller69 the Formicid Skald began the quest for the Orb.
     0 | D:1      | Reached XP level 1. HP: 16/16 MP: 3/3
   391 | D:1      | Reached XP level 2. HP: 22/22 MP: 0/5
   913 | D:2      | Noticed Robin
   914 | D:2      | Noticed Jessica
   919 | D:1      | Reached XP level 3. HP: 9/27 MP: 7/7
   925 | D:1      | HP: 1/27 [hobgoblin/club[Robin] (4)]
   926 | D:1      | Slain by a hobgoblin

Skill      XL: |  1 |
---------------+----+-----
Dodging        | 2 |  2.0
Fighting       | |  2.1
Polearms       | |  2.0
Armour         | |  1.1
Shields        | |  0.8
Spellcasting   | |  2.7
Charms         | |  3.3

Action                   || total
-------------------------++-------
Melee: Spear             ||    53
 Cast: Infusion          ||    10
 Abil: Dig               ||     2
Armor: Leather armour    ||    15
Dodge: Dodged            ||    32
